 Dungeon Crawl Stone Soup version 0.30-a0-860-g512cf1e979 (webtiles) character file.

Game seed: 11812361426049389783

9683 112233 the Reanimator (level 11, 0/121 HPs)
             Began as a Demonspawn Necromancer on Mar 8, 2023.
             Was an Initiate of Gozag.
             Slain by an unseen horror (5 damage)
             ... on level 10 of the Dungeon.
             The game lasted 00:26:44 (12020 turns).

112233 the Reanimator (Demonspawn Necromancer)     Turns: 12020, Time: 00:26:45

Health: 0/121      AC: 25    Str:  8    XL:     11   Next: 26%
Magic:  20/25      EV:  2    Int: 21    God:    Gozag
Gold:   67         SH:  4    Dex: 20    Spells: 19/30 levels left

rFire   + . .      SeeInvis .    x - +2 halberd (protect)
rCold   + . .      Faith    .    (shield currently unavailable)
rNeg    . . .      Spirit   .    a - melded +0 robe
rPois   +          Reflect  .    (helmet currently unavailable)
rElec   +          Rampage  .    (cloak currently unavailable)
rCorr   +          NoTele   +    (gloves currently unavailable)
Will    .....                    n - melded +0 pair of boots
Stlth   ++                       (no amulet)
HPRegen 0.40/turn                c - ring of poison resistance
MPRegen 0.38/turn                G - +6 ring of dexterity

@: mighty, tree-form, resistant, hasted and slowed
A: stationary, stasis, torment immunity, boosted hp, magic regeneration,
(sanguine armour 1), condensation shield, (demonic touch 1)
a: Renounce Religion, Potion Petition, Call Merchant, Bribe Branch


You were on level 10 of the Dungeon.
You worshipped Gozag.
Gozag was noncommittal.
You were a tree.
You visited 2 branches of the dungeon, and saw 11 of its levels.

You collected 1199 gold pieces.
You paid 1132 gold pieces to Gozag.

Inventory:

Hand Weapons
 h - a +1 whip of flaming
 t - a +2 short sword of flaming
 x - a +2 halberd of protection (weapon)
Armour
 a - a +0 robe (melded)
 n - a +0 pair of boots (melded)
 q - the +2 robe "Finkuur" {rElec rC- Stlth+}
   (You found it on level 2 of the Dungeon)

   rC:        It makes you vulnerable to cold.
   rElec:     It insulates you from electricity.
   Stlth:     It makes you more stealthy.
 F - a +2 helmet
 K - a +0 hat
Magical Staves
 A - a staff of air
 P - a staff of conjuration
Jewellery
 b - the ring of Exhibitionism {Contam rF+ Dex+6 Slay+4}
   (You acquired it on level 9 of the Dungeon)

   [ring of slaying]

   Dex:       It affects your dexterity (+6).
   Slay:      It affects your accuracy & damage with ranged weapons and melee
   (+4).
   rF:        It protects you from fire.
   Contam:    It causes magical contamination when unequipped.
 c - a ring of poison resistance (left branch)
 j - a ring of positive energy
 G - a +6 ring of dexterity (right branch)
 J - a ring of protection from fire
Wands
 E - a wand of polymorph (10)
 M - a wand of roots (1)
Scrolls
 d - 3 scrolls of fog
 e - 4 scrolls of magic mapping
 l - a scroll of fear
 r - 4 scrolls of poison
 s - a scroll of immolation
 u - a scroll of blinking
 v - a scroll of enchant armour
 C - a scroll of enchant weapon
 D - 2 scrolls of amnesia
 H - a scroll of noise
Potions
 f - 2 potions of brilliance
 g - 4 potions of degeneration
 i - a potion of attraction
 k - 3 potions of might
 m - 3 potions of berserk rage
 p - 4 potions of curing
 I - a potion of heal wounds {unknown}
 N - a potion of haste {unknown}


   Skills:
 + Level 6.0 Fighting
 + Level 5.9 Dodging
 - Level 2.1 Stealth
 + Level 10.3 Spellcasting
 + Level 12.6 Necromancy


You had 19 spell levels left.
You knew the following spells:

 Your Spells              Type           Power      Damage    Failure   Level
a - Necrotise             Necr           100%       1d9       1%          1
b - Vampiric Draining     Necr           59%        2d10      1%          3
c - Sublimation of Blood  Necr           59%        N/A       1%          2
d - Agony                 Necr           59%        N/A       1%          5

Your spell library contained the following spells:

 Spells                   Type           Power      Damage    Failure   Level
 Magic Dart               Conj           40%        1d5       6%          1
 Shock                    Conj/Air       40%        1d5       6%          1
 Call Imp                 Summ           10%        N/A       10%         2
 Wereblood                Tmut           10%        N/A       10%         2
 Mephitic Cloud           Conj/Pois/Air  10%        N/A       19%         3
 Summon Guardian Golem    Hex/Summ       10%        N/A       19%         3
 Swiftness                Air            10%        N/A       19%         3
 Tukima's Dance           Hex            10%        N/A       19%         3
 Airstrike                Air            5%         2d(1-17)  54%         4
 Passage of Golubria      Tloc           10%        N/A       54%         4
 Summon Lightning Spire   Summ/Air       10%        N/A       54%         4
 Lightning Bolt           Conj/Air       5%         1d17      87%         5
 Yara's Violent Unravell  Hex/Tmut       5%         3d4       87%         5
 Borgnjor's Revivificati  Necr           29%        N/A       92%         8
 Conjure Ball Lightning   Conj/Air       5%         3x3d6     100%        6
 Orb of Destruction       Conj           5%         9d5       100%        7
 Spellforged Servitor     Conj/Summ      5%         N/A       100%        7
 Summon Hydra             Summ           5%         N/A       100%        7
 Death's Door             Necr           29%        N/A       100%        9
 Animate Dead             Necr           Unusable   N/A       N/A         4

Dungeon Overview and Level Annotations

Branches:
Dungeon (10/15)            Temple (1/1) D:7
   Lair: D:8-11         Orc: D:9-12

Altars:
Ashenzari
Cheibriados
Dithmenos
Fedhas
Gozag
Hepliaklqana
Kikubaaqudgha
Makhleb
Nemelex Xobeh
Okawaru
Qazlal
Sif Muna
Trog
Uskayaw
Vehumet
Wu Jian
Xom
Yredelemnul

Shops:
D:3 (

Annotations:
D:2 exclusion: downstairs
D:3 Grinder
D:9 1 runed translucent door
Temple 4 transporters


Innate Abilities, Weirdness & Mutations

You are a tree.
Your roots penetrate the ground, keeping you stationary.
You cannot be teleported.
You are immune to unholy pain and torment.
Your maximum health is greatly increased.
Your equipment is partially melded.
You regenerate magic rapidly.
((When seriously injured, your blood forms armour. (AC +0)))
A meltable shield of frost defends you. (SH +4)
((Your touch may inflict minor irresistible damage on your foes.))


Message History

Unknown command. [a] - 160 gold - might and brilliance [b] - 480 gold - resistance, might and haste [c] - 828 gold - heal wounds, curing, magic, haste and resistance Purchase which effect?
You don't have enough gold for that! [a] - 160 gold - might and brilliance [b] - 480 gold - resistance, might and haste [c] - 828 gold - heal wounds, curing, magic, haste and resistance Purchase which effect?
You no longer have enough gold to petition Gozag for potion effects.
You feel protected.
You feel very mighty all of a sudden.
You feel yourself speed up.
Something hits you but does no damage. x2
The wraith hits you.
* * * LOW HITPOINT WARNING * * *
Something hits you but does no damage. The large slime creature hits you!
* * * LOW HITPOINT WARNING * * *
Unknown command.
Okay, then.
Okay, then.
It was a potion of flight.
Your roots keep you in place.
Something hits you.
* * * LOW HITPOINT WARNING * * *
Something completely misses you.
You block the large slime creature's attack.
The wraith hits you but does no damage.
Unknown command.
Magic courses through your body. Something hits you but does no damage.
You block something's attack. The wraith hits you but does no damage.
The large slime creature hits you!
* * * LOW HITPOINT WARNING * * *
Unknown command.
Casting: Vampiric Draining (safe; 1% risk of failure)
Confirm with . or Enter, or press ? or * to list all spells.
Aiming: Vampiric Draining (safe; 1% risk of failure)
Press: ? - help, Shift-Dir - straight line, f/p - large slime creature
Aim: a large slime creature (severely wounded, ally target)
You draw life force from the large slime creature.
You feel life coursing into your body. Something hits you.
You die...
Your body crumbles into a pile of gold.

#$###.#####
#§.##.....# #
##.######.# .
#.######.#
#.####.#......#
#.#....#.######
#..b..##.#
#########W#J##.#
#.....# #.♣{##.#
#.###.########.#
#.# #......# #.#
#.########.# #.#
#........#.###.#
########[#.....#
#.#######
#########.#
#.........#


You could see a large slime creature (ally target) and a wraith.

Vanquished Creatures
  Erolcha (D:8)
  Erica (D:8)
  A two-headed ogre (D:8)
  Pikel (D:8)
  A cyclops (D:8)
  Maggie (D:8)
  2 slime creatures (D:10)
  A shadow (D:9)
  15 yaks
  A wraith (D:9)
  Eustachio (D:6)
  2 steam dragons
  2 water moccasins
  A black bear (D:6)
  2 sky beasts (D:7)
  2 ogres
  4 centaurs
  2 phantoms (D:6)
  3 kobold brigands
  3 bullfrogs
  4 scorpions
  26 killer bees
  A jelly (D:5)
  3 hounds
  2 gnoll boudas (D:7)
  2 orc priests (D:6)
  2 iguanas
  2 sleepcaps
  2 orc wizards
  12 gnolls
  3 adders
  A shadow imp (D:7)
  A white imp (D:7)
  An adder zombie (D:2)
  An adder skeleton (D:2)
  2 worms
  3 dart slugs
  12 orcs
  9 bats
  A bat skeleton (D:2)
  3 endoplasms
  3 giant cockroaches
  7 goblins
  6 hobgoblins
  9 jackals
  2 quokkas
  5 ball pythons
  4 frilled lizards
  A giant cockroach zombie (D:2)
  20 kobolds
  A quokka skeleton (D:2)
  2 rats
200 creatures vanquished.

Vanquished Creatures (collateral kills)
  An iguana (D:5)
  2 gnolls (D:6)
  An endoplasm (D:1)
  A jackal (D:2)
  A kobold (D:1)
  A ball python (D:3)
7 creatures vanquished.

Vanquished Creatures (others)
  3 withered plants (D:2)
3 creatures vanquished.

Grand Total: 210 creatures vanquished

Notes
Turn   | Place    | Note
-------+----------+-------------------------------------------
     0 | D:1      | 112233 the Demonspawn Necromancer began the quest for the
                  | Orb.
     0 | D:1      | Reached XP level 1. HP: 13/13 MP: 3/3
   188 | D:1      | Gained mutation: A meltable shield of frost defends you.
                  | (SH +4) [demonic ancestry]
   188 | D:1      | Reached XP level 2. HP: 6/19 MP: 3/5
   675 | D:1      | Reached XP level 3. HP: 20/24 MP: 2/6
  1254 | D:2      | Reached skill level 5 in Necromancy
  1410 | D:2      | Reached XP level 4. HP: 30/30 MP: 1/8
  1599 | D:2      | Identified the +2 robe "Finkuur" {rElec rC- Stlth+}
  2032 | D:3      | Noticed Grinder
  2101 | D:3      | Found a faded altar of an unknown god.
  2139 | D:3      | Found Vizolon's Antique Weapon Emporium.
  3015 | D:4      | Reached XP level 5. HP: 35/35 MP: 4/10
  3017 | D:4      | Noticed a steam dragon
  3074 | D:4      | Learned a level 3 spell: Vampiric Draining
  3077 | D:4      | Learned a level 2 spell: Sublimation of Blood
  3174 | D:4      | Reached skill level 6 in Necromancy
  3525 | D:5      | Entered Level 5 of the Dungeon
  3535 | D:5      | Reached XP level 6. HP: 41/41 MP: 7/12
  3650 | D:5      | Reached skill level 5 in Spellcasting
  3650 | D:5      | Reached skill level 7 in Necromancy
  3806 | D:5      | Reached XP level 7. HP: 46/46 MP: 10/14
  4811 | D:6      | HP: 1/46 [ogre/+0 giant club (30)]
  5030 | D:6      | Reached skill level 8 in Necromancy
  5197 | D:6      | Gained mutation: You regenerate magic rapidly. [demonic
                  | ancestry]
  5197 | D:6      | Reached XP level 8. HP: 15/52 MP: 4/17
  5338 | D:6      | Found a shimmering altar of Xom.
  5339 | D:6      | Found a hide-covered altar of Uskayaw.
  5340 | D:6      | Found a broken altar of Ashenzari.
  5340 | D:6      | Found a snail-covered altar of Cheibriados.
  5801 | D:6      | Noticed Eustachio
  5830 | D:6      | Killed Eustachio
  5831 | D:6      | Reached skill level 9 in Necromancy
  6821 | D:7      | Found a staircase to the Ecumenical Temple.
  6836 | Temple   | Entered the Ecumenical Temple
  6836 | Temple   | Found a transporter.
  6836 | Temple   | Found a transporter.
  6905 | Temple   | Found a transporter.
  6905 | Temple   | Found a transporter.
  6923 | Temple   | Became a worshipper of Gozag Ym Sagoz the Greedy
  7005 | D:7      | Reached skill level 10 in Necromancy
  7005 | D:7      | Gained mutation: When seriously injured, your blood forms
                  | armour. (AC +0) [demonic ancestry]
  7005 | D:7      | Reached XP level 9. HP: 29/57 MP: 11/20
  7783 | D:8      | Noticed a cyclops
  8148 | D:8      | Killed a cyclops
  8149 | D:8      | Reached skill level 1 in Fighting
  8149 | D:8      | Reached skill level 11 in Necromancy
  8254 | D:8      | Noticed a two-headed ogre
  8259 | D:8      | Noticed Erica
  8263 | D:8      | Killed a two-headed ogre
  8510 | D:8      | Noticed Pikel
  8523 | D:8      | Killed Pikel
  8524 | D:8      | Reached XP level 10. HP: 60/70 MP: 11/23
  9019 | D:9      | Noticed Erolcha
  9165 | D:8      | Found a radiant altar of Vehumet.
  9530 | D:8      | Killed Erica
  9531 | D:8      | Reached skill level 12 in Necromancy
  9890 | D:9      | Reached skill level 5 in Dodging
 10009 | D:8      | Reached skill level 5 in Fighting
 10472 | D:9      | Noticed Maggie
 10476 | D:8      | Killed Erolcha
 10539 | D:8      | Learned a level 5 spell: Agony
 10558 | D:8      | Killed Maggie
 10559 | D:8      | Reached skill level 10 in Spellcasting
 10725 | D:9      | Gained mutation: Your touch may inflict minor irresistible
                  | damage on your foes. [demonic ancestry]
 10725 | D:9      | Reached XP level 11. HP: 70/80 MP: 16/25
 11492 | D:9      | Found a runed translucent door.
 11496 | D:9      | Noticed a brown ugly thing
 11522 | D:10     | Entered Level 10 of the Dungeon
 11859 | D:9      | Identified 2 scrolls of acquirement
 11872 | D:9      | Acquired the ring of Exhibitionism {Contam rF+ Dex+6
                  | Slay+4}
 11874 | D:9      | Acquired the Octavo of the Ruinous Undead
 12019 | D:10     | HP: 2/121 [large slime creature (16)]
 12020 | D:10     | Slain by an unseen horror

Illustrated notes

Levels and vault maps discovered:
D:1:      onia_arrival_mini_spirals, layout_rooms, minmay_ruptured
D:2:      layout_loops_cross, serial_undead, serial_undead_a, serial_undead_e,
          serial_undead_c, serial_undead_a, serial_undead_f, serial_undead_b
D:3:      layout_loops_ring, serial_shops, nicolae_shop_waterfront,
          hellmonk_ecumenical_altar_blasted, guppyfry_early_orc_mine,
          uniq_grinder
D:4:      layout_rooms
D:5:      layout_gridville
D:6:      layout_basic, chequers_temple_overflow_statue_of_worship,
          minmay_misc_feat_room, uniq_eustachio
D:7:      layout_loops_ring, minmay_temple_entry_grid
D:8:      layout_loops_ring, lemuel_round_altar, minmay_sticks_and_stones,
          uniq_pikel, uniq_erica
D:9:      minmay_the_grid_triangle_9x9_recursive_2_mashed
          [minmay_the_grid_triangle_9x9_prize_special,
          minmay_the_grid_triangle_9x9_longest,
          minmay_the_grid_triangle_9x9_cache,
          minmay_the_grid_triangle_9x9_subtriangle], layout_cave_pools,
          minivault_25, minmay_strange_pillars, amethyst_killhole, uniq_erolcha,
          uniq_maggie
D:10:     layout_basic, library_closet
Temple:   hellmonk_temple_divided_pantheon

Skill      XL: |  1  2  3  4  5  6  7  8  9 10 11 |
---------------+----------------------------------+-----
Stealth        | 2 |  2.1
Dodging        | 2 3 5 |  5.9
Necromancy     | 5 6 7 8 10 11 12 | 12.6
Spellcasting   | 3 4 5 6 7 9 10 | 10.3
Fighting       | 3 5 6 |  6.0

Action                     |  1- 3 |  4- 6 |  7- 9 | 10-12 || total
---------------------------+-------+-------+-------+-------++-------
  Melee: Unarmed           |     9 |       |       |       ||     9
         Whip              |    38 |    25 |    60 |       ||   123
         Punch             |     1 |       |     3 |       ||     4
         Short sword       |       |       |    22 |    15 ||    37
         Halberd           |       |       |       |    51 ||    51
   Cast: Necrotise         |    61 |    82 |    74 |    17 ||   234
         Vampiric Draining |       |     1 |    91 |   136 ||   228
         Agony             |       |       |       |     2 ||     2
 Invoke: Potion Petition   |       |       |       |     3 ||     3
  Evoke: Wand              |       |       |     2 |     3 ||     5
    Use: Potion            |     1 |       |     3 |     5 ||     9
         Scroll            |       |     2 |     1 |    22 ||    25
   Stab: Sleeping          |       |       |     2 |       ||     2
         Distracted        |       |       |       |     1 ||     1
 Armour: Robe              |    13 |    11 |    31 |    40 ||    95
         Skin              |       |       |       |    24 ||    24
  Dodge: Dodged            |    52 |    25 |   121 |   131 ||   329
  Block: Other             |    15 |     7 |    46 |    45 ||   113

Table legend: (Time is in decaauts)
 A = Elapsed time spent in this place.
 B = Non-inter-level travel time spent in this place.
 C = Inter-level travel time spent in this place.
 D = Time resting spent in this place.
 E = Time spent auto-exploring this place.
 F = Levels seen in this place.
 G = Mean time per level.
                   A        B        C        D        E       F      G
               +--------+--------+--------+--------+--------+-----+--------+
         Total |  12096 |  11302 |    794 |   2301 |   7223 |  11 | 1099.6 |
       Dungeon |  11990 |  11217 |    773 |   2301 |   7154 |  10 | 1199.0 |
        Temple |    105 |     84 |     21 |      0 |     69 |   1 |  105.0 |
               +--------+--------+--------+--------+--------+-----+--------+

Top non-repeatable levels by time:
     D:8: 2260 daAuts
     D:6: 1866 daAuts
     D:7: 1543 daAuts
     D:5: 1325 daAuts
     D:9: 1093 daAuts
     D:2: 970 daAuts
     D:1: 949 daAuts
     D:3: 899 daAuts
     D:4: 753 daAuts
    D:10: 329 daAuts
  Temple: 105 daAuts
